 Dungeon Crawl Stone Soup version 0.32-a0-519-g08f29ac1c3 (webtiles) character file.

Game seed: 18300561441714397778

394 STP the Slasher (level 6, -1/47 HPs)
             Began as a Coglin Warper on Feb 27, 2024.
             Killed from afar by Dowan (20 damage)
             ... with a stone arrow
             ... on level 4 of the Dungeon.
             The game lasted 00:03:31 (3248 turns).

STP the Slasher (Coglin Warper)                     Turns: 3248, Time: 00:03:31

Health: -1/47      AC:  8    Str: 11    XL:     6   Next: 82%
Magic:  8/8        EV: 11    Int: 12    God:
Gold:   192        SH:  0    Dex: 16    Spells: 8/8 levels left

rFire   . . .        a - +0 falchion {Kulveer}
rCold   . . .        r - +0 short sword {Kamaljyot}
rNeg    . . .        f - +0 ring mail
rPois   .            (no helmet)
rElec   .            e - +2 cloak
rCorr   .            (no gloves)
SInv    .            (no boots)
Will    .....        (no amulet)
Stlth   +            (ring unavailable)
HPRegen 0.27/turn    (ring unavailable)
MPRegen 0.11/turn

%: no passive effects
@: revved
A: off-hand wielding, slow wielding, warmup strikes, no rings
a: no special abilities


You were on level 4 of the Dungeon.
You visited 1 branch of the dungeon, and saw 5 of its levels.

You collected 192 gold pieces.

Inventory:

Hand Weapons
 a - a +0 falchion (weapon) {Kulveer}
 h - a +0 dagger {Harkiran}
 r - a +0 short sword (offhand) {Kamaljyot}
Missiles
 d - 2 darts of dispersal
Armour
 e - a +2 cloak (worn)
 f - a +0 ring mail (worn)
 j - a +0 pair of boots
Scrolls
 c - a scroll of blinking {@r4}
 g - a scroll of teleportation {unknown}
 k - a scroll of amnesia {unknown}
 n - a scroll of revelation {unknown}
 o - 2 scrolls of identify {unknown}
 u - a scroll of enchant weapon {unknown}
 v - 4 scrolls of vulnerability {unknown}
 w - a scroll of butterflies {unknown}
 x - a scroll of fear {unknown}
Potions
 b - 2 potions of mutation {unknown}
 i - 2 potions of haste {unknown}
 l - a potion of degeneration {unknown}
 m - 2 potions of berserk rage {unknown}
 p - a potion of curing {unknown}
 q - a potion of heal wounds {unknown}
 s - 2 potions of lignification {unknown}


   Skills:
 + Level 3.5 Fighting
 * Level 4.6 Long Blades
 - Level 0.8 Throwing
 + Level 2.7 Armour
 + Level 3.2 Dodging
 - Level 1.7 Spellcasting
 - Level 3.0 Translocations


You had 8 spell levels left.
You didn't know any spells.
Your spell library contained the following spells:

 Spells                   Type           Power      Damage    Failure   Level
 Blink                    Tloc           16%        N/A       28%         2
 Lesser Beckoning         Tloc           16%        N/A       28%         2
 Teleport Other           Tloc           8%         N/A       50%         3
 Manifold Assault         Tloc           8%         N/A       88%         4
 Vhi's Electric Charge    Tloc/Air       8%         N/A       98%         4


Dungeon Overview and Level Annotations

Branches:
Dungeon (5/15)
 Temple: D:4-7

Altars:
Fedhas

Annotations:
D:4 Dowan


Innate Abilities, Weirdness & Mutations

You can wield a second weapon in your off-hand.
It takes a long time for you to wield or remove held weapons.
Your first few attacks do less damage.
Your grasper-arms cannot wear rings.


Message History

You are too injured to fight recklessly!
You are too injured to fight recklessly!
You are too injured to fight recklessly!
You are too injured to fight recklessly!
You are too injured to fight recklessly!
You are too injured to fight recklessly!
You are too injured to fight recklessly!
You are too injured to fight recklessly!
You are too injured to fight recklessly!
You are too injured to fight recklessly!
You are too injured to fight recklessly!
You are too injured to fight recklessly!
You slash Dowan with your +0 falchion!
Dowan is moderately wounded.
You closely miss Dowan with your +0 short sword.
Dowan shakes with grief.
Dowan casts a spell.
Dowan blinks!
Dowan gestures wildly while chanting.
Dowan blinks!
Dowan hits you with a +0 dagger.
You hit Dowan but do no damage.
Dowan is moderately wounded.
You barely miss Dowan with your +0 short sword.
Dowan hits you with a +0 dagger.
You closely miss Dowan with your +0 falchion.
Dowan is moderately wounded.
You hit Dowan with your +0 short sword.
Dowan points at you and mumbles some strange words.
The stone arrow hits you.
You closely miss Dowan with your +0 falchion.
Dowan is moderately wounded.
You closely miss Dowan with your +0 short sword.
Dowan barely misses you. Dowan closely misses you.
You hit Dowan but do no damage.
Dowan is moderately wounded.
You miss Dowan with your +0 short sword.
Dowan points at you and mumbles some strange words.
The stone arrow hits you!!
You die...

#.....# ### ###.# #
##.....## #.## ##...##
## #.......##
##.######.....##
.#####...[....##
##............##
...#....###.((.##
#.............#
#.......#
##.(..####....<........
#......##
##.(.)................
##..>..#
#...e................
##.....##
##..@...........##...
#.......##
##........#########..
#..####..####......$.##
##. #.##
###......###.<## #. .##
######## ##.# ##. .#
### #.. .# ##.# ## #.##
###


You could see Dowan (fast).

Vanquished Creatures
  Duvessa (D:4)
  2 scorpions (D:4)
  A hound (D:4)
  Jessica (D:3)
  An orc wizard (D:3)
  3 adders
  2 dart slugs (D:1)
  3 orcs (D:3)
  6 ball pythons
  9 endoplasms
  3 giant cockroaches
  6 goblins
  2 hobgoblins (D:1)
  10 kobolds
  2 quokkas
  A bat (D:1)
  3 frilled lizards
  4 rats
60 creatures vanquished.

Notes
Turn   | Place    | Note
-------+----------+-------------------------------------------
     0 | D:1      | STP the Coglin Warper began the quest for the Orb.
     0 | D:1      | Reached XP level 1. HP: 16/16 MP: 3/3
   133 | D:1      | Reached skill level 1 in Armour
   160 | D:1      | Reached XP level 2. HP: 17/22 MP: 4/4
   493 | D:1      | Reached XP level 3. HP: 27/27 MP: 5/5
   919 | D:2      | Found a blossoming altar of Fedhas.
  1146 | D:2      | Reached skill level 3 in Long Blades
  1225 | D:2      | Reached XP level 4. HP: 33/34 MP: 6/6
  1779 | D:3      | Noticed Jessica
  1783 | D:3      | Killed Jessica
  1927 | D:3      | Reached XP level 5. HP: 16/40 MP: 7/7
  2066 | D:3      | You fall into a shaft and drop 2 floors!
  2066 | D:5      | Entered Level 5 of the Dungeon
  2234 | D:4      | Reached skill level 4 in Long Blades
  2234 | D:4      | Reached XP level 6. HP: 19/47 MP: 8/8
  2606 | D:3      | Found a faded altar of an unknown god.
  2660 | D:3      | Found a blossoming altar of Fedhas.
  2765 | D:4      | Noticed Dowan
  2766 | D:4      | Noticed Duvessa
  3240 | D:4      | Killed Duvessa
  3248 | D:4      | Killed from afar by Dowan

Illustrated notes

Levels and vault maps discovered:
D:1:      dpeg_arrival_rhombus, layout_basic
D:2:      layout_basic, basic_altar, minmay_misc_feat_roman,
          kennysheep_generic_room_3
D:3:      layout_basic, nicolae_overflow_ecumenical_swirl, uniq_jessica
D:4:      layout_layer_cave, nicolae_overflow_squiral, uniq_duvessa
D:5:      layout_loops_ring, nicolae_the_louvre, uniq_grinder,
          uniq_blork_the_orc

Skill      XL: |  1  2  3  4  5  6 |
---------------+-------------------+-----
Armour         | 1 2 |  2.7
Dodging        | 2 3 |  3.2
Long Blades    | 3 4 |  4.6
Fighting       | 3 |  3.5
Throwing       | |  0.8
Spellcasting   | |  1.7
Translocations | |  3.0

Action                     |  1- 3 |  4- 6 || total
---------------------------+-------+-------++-------
  Melee: Falchion          |   113 |    75 ||   188
         Dagger            |    29 |    25 ||    54
         Short sword       |       |    41 ||    41
  Throw: Dart              |       |    11 ||    11
 Armour: Ring mail         |    77 |    63 ||   140
  Dodge: Dodged            |    63 |    36 ||    99
         Repelled          |     1 |     1 ||     2

Table legend: (Time is in decaauts)
 A = Elapsed time spent in this place.
 B = Non-inter-level travel time spent in this place.
 C = Inter-level travel time spent in this place.
 D = Time resting spent in this place.
 E = Time spent auto-exploring this place.
 F = Levels seen in this place.
 G = Mean time per level.
                   A        B        C        D        E       F      G
               +--------+--------+--------+--------+--------+-----+--------+
         Total |   3267 |   3028 |    239 |    117 |   2389 |   5 |  653.4 |
       Dungeon |   3267 |   3028 |    239 |    117 |   2389 |   5 |  653.4 |
               +--------+--------+--------+--------+--------+-----+--------+

Top non-repeatable levels by time:
     D:3: 1305 daAuts
     D:1: 853 daAuts
     D:4: 575 daAuts
     D:2: 514 daAuts
     D:5: 18 daAuts
